 Dungeon Crawl Stone Soup version 0.30.1-4-g462c640d31 (webtiles) character file.

Game seed: 3414313809367609636

25 FaviusArthum the Slasher (level 3, -3/27 HPs)
             Began as a Merfolk Reaver on Aug 13, 2023.
             Slain by a gnoll
             ... wielding a +2 heavy spear
              (8 damage)
             ... on level 1 of the Dungeon.
             The game lasted 00:07:42 (1109 turns).

FaviusArthum the Slasher (Merfolk Reaver)           Turns: 1109, Time: 00:07:42

Health: -3/27      AC:  5    Str: 13    XL:     3   Next: 4%
Magic:  6/6        EV: 11    Int: 16    God:
Gold:   29         SH:  0    Dex: 11    Spells: 5/6 levels left

rFire   . . .        a - +0 falchion
rCold   . . .        (no shield)
rNeg    . . .        i - +0 ring mail
rPois   .            (helmet restricted)
rElec   .            (no cloak)
rCorr   .            (no gloves)
SInv    .            (no boots)
Will    .....        (no amulet)
Stlth   +            (no ring)
HPRegen 0.24/turn    (no ring)
MPRegen 0.10/turn

%: no passive effects
@: no status effects
A: (nimble swimmer 2), mertail, claws 1, horns 1, clever 1, evolution 1
a: no special abilities


You were on level 1 of the Dungeon.
You visited 1 branch of the dungeon, and saw 1 of its levels.

You collected 29 gold pieces.

Inventory:

Hand Weapons
 a - a +0 falchion (weapon)
 e - a +0 short sword
 f - a +0 dagger
Armour
 b - a +0 leather armour
 i - a +0 ring mail (worn)
Potions
 c - a potion of heal wounds {unknown}
 d - a potion of curing {unknown}


   Skills:
 + Level 2.2 Fighting
 + Level 4.0 Long Blades
 + Level 0.2 Armour
 + Level 2.8 Dodging
 * Level 2.1 Spellcasting
 + Level 2.6 Conjurations
 * Level 0.8 Necromancy


You had 5 spell levels left.
You knew the following spells:

 Your Spells              Type           Power      Damage    Failure   Level
a - Kiss of Death         Conj/Necr      28%        2d7       22%         1

Your spell library contained the following spells:

 Spells                   Type           Power      Damage    Failure   Level
 Momentum Strike          Conj/Tloc      10%        3d8       36%         2
 Hailstorm                Conj/Ice       5%         3d4       58%         3


Dungeon Overview and Level Annotations

Branches:
Dungeon (1/15)

Altars:


Innate Abilities, Weirdness & Mutations

((You are very nimble when in or above water. (Stealth+, EV+, Speed+++)))
Your lower body shifts to a powerful aquatic tail in water.
You have sharp fingernails.
You have a pair of small horns on your head.
Your mind is acute. (Int +4, Str/Dex -1)
You have hidden genetic potential.


Message History

A ball python comes into view.
Found a dagger.
The ball python bites you but does no damage.
The ball python grabs you. The ball python constricts you.
The ball python closely misses you. The ball python constricts you.
You hit the ball python.
You kill the ball python!
You see here a ball python corpse.
A jackal comes into view.
The jackal moves out of view.
A jackal comes into view.
The jackal barks!
The gnoll shouts!
A giant cockroach comes into view.
The jackal attacks as you move away! The jackal bites you.
The jackal attacks as you move away! The jackal bites you.
The jackal bites you but does no damage.
You barely miss the jackal. Your headbutt misses the jackal.
The jackal bites you. The jackal barely misses you.
You closely miss the jackal. You headbutt the jackal.
You kill the jackal!
The jackal bites you.
Your Long Blades skill increases to level 4!
You have reached level 3!
Your experience leads to an increase in your attributes!
Your base attributes are Str 12, Int 12, Dex 12.
Increase (S)trength, (I)ntelligence, or (D)exterity?
You feel stronger. x2
You hit the jackal.
You kill the jackal!
The gnoll barely misses you.
You closely miss the gnoll. You hit the gnoll.
The gnoll is heavily wounded.
The gnoll hits you with a +2 heavy spear!
* * * LOW HITPOINT WARNING * * *
You hit the gnoll.
You headbutt the gnoll, but do no damage.
The gnoll is almost dead.
The gnoll hits you with a +2 heavy spear!
You die...

######## #......# #......#
#......#
..######......##################
..............g@...(............
.B...#.#P......†......P#.#######
... h..#~P...........P≈#...# .
..####≈~P.........P≈≈###.## ...
#≈≈~P.......P~≈≈# #..#### ..
#≈≈~~P.....P~~≈≈####..... .
#≈≈≈≈~..<.P~~~≈≈#.#######
#≈≈≈≈P.....P≈≈≈≈#.#
#≈~~P.......P≈≈≈#.# #


You could see a gnoll.

Vanquished Creatures
  4 ball pythons (D:1)
  A giant cockroach (D:1)
  2 goblins (D:1)
  A hobgoblin (D:1)
  5 jackals (D:1)
  2 quokkas (D:1)
  2 bats (D:1)
  2 kobolds (D:1)
  3 rats (D:1)
22 creatures vanquished.

Notes
Turn   | Place    | Note
-------+----------+-------------------------------------------
     0 | D:1      | FaviusArthum the Merfolk Reaver began the quest for the
                  | Orb.
     0 | D:1      | Reached XP level 1. HP: 16/16 MP: 3/3
   211 | D:1      | Gained mutation: Your mind is acute. (Int +4, Str/Dex -1)
                  | [potion of mutation]
   211 | D:1      | Gained mutation: You have hidden genetic potential. [potion
                  | of mutation]
   211 | D:1      | Gained mutation: You have a pair of small horns on your
                  | head. [potion of mutation]
   543 | D:1      | Reached XP level 2. HP: 22/22 MP: 5/5
   667 | D:1      | Gained mutation: You have sharp fingernails. [hidden
                  | potential]
  1105 | D:1      | Reached skill level 4 in Long Blades
  1105 | D:1      | Reached XP level 3. HP: 16/27 MP: 6/6
  1109 | D:1      | Slain by a gnoll

Illustrated notes

Levels and vault maps discovered:
D:1:      eino_arrival_druids_welcome, layout_basic,
          chequers_serial_rivers_micro_d

Skill      XL: |  1  2 |
---------------+-------+-----
Long Blades    | 4 |  4.0
Fighting       | |  2.2
Armour         | |  0.2
Dodging        | |  2.8
Spellcasting   | |  2.1
Conjurations   | |  2.6
Necromancy     | |  0.8

Action                     || total
---------------------------++-------
  Melee: Falchion          ||    69
         Punch             ||     1
         Headbutt          ||     6
    Use: Potion            ||     1
         Scroll            ||     2
 Armour: Leather armour    ||    13
         Ring mail         ||    12
  Dodge: Dodged            ||    60
